Map: 死亡光环-天梯版

Players

JieShi - Winner!

  • Race: Protoss Protoss
  • League: Master

JoliwaLoves

  • Race: Protoss Protoss

Event: DreamHack SC2 Masters 2020 Winter

VOD

Have the link to the VOD?

Description

Time

  • Played on: Oct. 28, 2020, 9:36 a.m.
  • Length: 10:31

All games in this series

Show
View Real Time Build Order
Export as new Build Order

JieShi Protoss - Winner!

Build Orders: Oracle Opening 

Get SALT Encoding   

  12  0:00  Probe  
  13  0:12  Probe  
  14  0:17  Pylon  
  14  0:24  Probe (Chrono Boost)  
  15  0:36  Probe (Chrono Boost)  
  15  0:37  Gateway  
  16  0:44  Probe (Chrono Boost)  
  16  0:48  Assimilator  
  17  0:51  Probe  
  17  0:56  Assimilator  
  18  1:03  Probe (Chrono Boost)  
  19  1:12  Gateway  
  19  1:13  Probe (Chrono Boost)  
  19  1:18  Probe (Chrono Boost)  
  21  1:26  Cybernetics Core  
  21  1:30  Probe  
  22  1:39  Pylon  
  22  1:42  Probe  
  23  1:57  Probe  
  24  2:02  Warp Gate  
  24  2:03  Adept x2  
  28  2:13  Pylon  
  28  2:26  Stargate  
  32  2:38  Stalker x2  
  32  3:02  Nexus  
  32  3:05  Shield Battery  
  32  3:12  Oracle (Chrono Boost)  
  32  3:18  Probe  
  36  3:30  Shield Battery, Probe  
  37  3:42  Probe  
  37  3:44  Pylon  
  38  3:53  Twilight Council  
  38  3:55  Probe (Chrono Boost)  
  35  4:07  Probe (Chrono Boost)  
  35  4:08  Sentry  
  35  4:09  Stalker  
  40  4:16  Probe (Chrono Boost)  
  41  4:21  Probe (Chrono Boost)  
  43  4:26  Probe (Chrono Boost)  
  43  4:32  Dark Shrine  
  43  4:33  Probe (Chrono Boost)  
  43  4:35  Probe (Chrono Boost)  
  45  4:40  Adept  
  45  4:41  Adept  
  45  4:44  Probe (Chrono Boost)  
  45  4:45  Probe (Chrono Boost)  
  51  4:47  Assimilator  
  51  4:48  Blink (Chrono Boost)  
  51  4:51  Probe (Chrono Boost)  
  51  4:52  Probe  
  53  5:03  Forge  
  53  5:04  Probe  
  54  5:08  Probe  
  53  5:17  Probe  
  53  5:18  Stalker  
  53  5:19  Stalker  
  53  5:20  Probe  
  57  5:22  Robotics Facility  
  57  5:27  Pylon  
  57  5:30  Probe  
  57  5:31  Gateway  
  57  5:34  Probe  
  59  5:37  Protoss Ground Weapons Level 1 (Chrono Boost)  
  59  5:42  Probe  
  60  5:47  Stalker  
  60  5:49  Stalker  
  64  5:52  Probe  
  64  5:54  Probe  
  65  5:59  Shield Battery  
  65  6:06  Probe  
  65  6:09  Pylon  
  66  6:19  Nexus  
  66  6:21  Pylon  
  66  6:30  Adept x2  
  66  6:31  Stalker  
  69  6:34  Observer  
  69  6:37  Gateway  
  69  6:38  Gateway  
  70  6:46  Probe x2  
  72  6:48  Gateway  
  72  6:49  Gateway  
  72  6:52  Sentry x2  
  76  6:58  Probe x2  
  76  6:59  Immortal  
  82  7:04  Stalker  
  82  7:07  Shield Battery  
  82  7:10  Probe  
  83  7:16  Probe  
  83  7:22  Probe  
  85  7:28  Probe  
  78  7:31  Stalker x2  
  78  7:34  Stalker, Probe  
  75  7:37  Immortal (Chrono Boost)  
  71  7:44  Stalker x3  
  71  7:47  Probe x3  
  71  7:50  Sentry  
  81  7:57  Assimilator  
  81  7:58  Stalker  
  83  8:01  Stalker  
  83  8:03  Probe x2  
  87  8:05  Stalker  
  87  8:11  Stalker  
  89  8:21  Stalker  
  89  8:22  Stalker, Zealot x2  
  91  8:28  Stalker  
  91  8:31  Warp Prism (Chrono Boost)  
  89  8:38  Gateway  
  89  8:41  Probe  
  92  8:44  Pylon  
  92  8:45  Stalker x3  
  92  8:47  Assimilator  
  98  8:49  Observer  
  98  8:51  Adept  
  100  8:56  Pylon  
  100  9:02  Assimilator  
  100  9:03  Pylon  
  100  9:05  Immortal (Chrono Boost)  
  100  9:06  Adept  
  100  9:09  Pylon  
  106  9:39  Observer  
  106  9:44  Stalker x8  
  118  10:07  Stalker x2  
  118  10:08  Stalker x5  
Show
View Real Time Build Order
Export as new Build Order

JoliwaLoves Protoss 

Build Orders: Phoenix Opening, Blink Stalkers 

Get SALT Encoding   

  12  0:00  Probe  
  13  0:12  Probe  
  14  0:18  Pylon  
  14  0:24  Probe  
  15  0:36  Gateway  
  15  0:37  Probe (Chrono Boost)  
  16  0:47  Assimilator  
  16  0:48  Probe (Chrono Boost)  
  17  0:53  Probe (Chrono Boost)  
  17  0:56  Assimilator  
  18  1:04  Probe (Chrono Boost)  
  19  1:10  Gateway  
  19  1:15  Probe (Chrono Boost)  
  20  1:20  Probe (Chrono Boost)  
  20  1:23  Cybernetics Core  
  21  1:30  Probe  
  22  1:34  Pylon  
  22  1:42  Probe  
  23  1:54  Probe  
  23  2:00  Stalker x2, Warp Gate  
  28  2:11  Pylon  
  28  2:29  Pylon  
  28  2:47  Stalker x2  
  32  2:53  Nexus  
  32  3:09  Twilight Council  
  32  3:19  Probe  
  36  3:20  Sentry x2  
  36  3:22  Pylon  
  36  3:42  Probe  
  37  3:55  Phoenix, Probe  
  37  3:56  Blink (Chrono Boost)  
  37  4:02  Stalker  
  38  4:05  Stalker  
  38  4:07  Probe x2 (Chrono Boost)  
  40  4:21  Probe x2 (Chrono Boost)  
  42  4:26  Stalker  
  42  4:29  Stalker  
  46  4:31  Probe (Chrono Boost)  
  46  4:35  Forge  
  46  4:37  Probe (Chrono Boost)  
  48  4:40  Probe (Chrono Boost)  
  48  4:44  Probe (Chrono Boost)  
  50  4:45  Probe  
  50  4:49  Pylon  
  51  4:54  Robotics Facility  
  51  4:55  Probe  
  51  4:57  Probe  
  52  5:07  Probe  
  52  5:10  Probe (Chrono Boost)  
  52  5:16  Adept x2  
  52  5:20  Probe (Chrono Boost)  
  56  5:22  Protoss Ground Weapons Level 1 (Chrono Boost), Probe (Chrono Boost)  
  58  5:29  Probe (Chrono Boost)  
  58  5:30  Probe (Chrono Boost)  
  58  5:34  Probe (Chrono Boost)  
  59  5:36  Probe  
  59  5:42  Observer  
  62  5:49  Pylon  
  62  5:51  Gateway  
  62  5:58  Gateway, Phoenix  
  62  6:07  Observer  
  63  6:13  Stalker  
  63  6:14  Stalker  
  63  6:15  Nexus  
  63  6:17  Pylon  
  63  6:19  Photon Cannon  
  63  6:23  Probe x2  
  65  6:31  Assimilator  
  65  6:35  Probe x2  
  65  6:36  Warp Prism (Chrono Boost)  
  69  6:47  Probe x2  
  71  6:55  Stalker x3  
  77  7:04  Pylon  
  77  7:05  Pylon  
  77  7:06  Probe  
  78  7:11  Probe  
  76  7:23  Stalker x2  
  76  7:24  Stalker  
  74  7:39  Protoss Ground Weapons Level 2 (Chrono Boost)  
  70  7:46  Stalker  
  70  7:47  Stalker, Warp Prism  
  70  7:48  Probe (Chrono Boost)  
  70  7:49  Probe (Chrono Boost)  
  70  7:51  Charge (Chrono Boost), Probe (Chrono Boost)  
  79  8:00  Probe (Chrono Boost)  
  79  8:05  Probe (Chrono Boost)  
  81  8:06  Probe x2 (Chrono Boost)  
  81  8:13  Probe  
  70  8:28  Probe x3  
  70  8:29  Immortal (Chrono Boost)  
  75  8:40  Gateway, Probe x3  
  78  8:43  Gateway  
  78  8:44  Gateway  
  78  8:45  Observer  
  78  8:47  Gateway  
  78  8:55  Stalker x4  
  82  9:02  Immortal (Chrono Boost)  
  88  9:12  Assimilator, Dark Shrine  
  88  9:14  Assimilator  
  88  9:21  Assimilator  
  88  9:27  Pylon  
  88  9:28  Pylon  
  88  9:35  Pylon  
  88  9:37  Immortal (Chrono Boost)  
  88  9:38  Stalker x4  
  98  9:39  Stalker  
  98  9:40  Observer  
  100  9:48  Gateway  
  100  9:49  Gateway  
  100  10:03  Zealot x2  
  100  10:04  Zealot x2  
  104  10:14  Observer (Chrono Boost)  
Tags
 
Add a new tag
Caveats
  • Supply blocks, unpowered buildings, or Contaminate may cause inaccurate times.
  • Supply counts are checked every 10 seconds.